 Dungeon Crawl Stone Soup version 0.30.1-4-g462c640d31 (webtiles) character file.

Game seed: 10969487575154411878

15719 Peloso the Carver (level 12, -3/95 HPs)
             Began as a Demonspawn Fighter on Sept 8, 2023.
             Was an Elder of Okawaru.
             Slain by a cane toad (6 damage)
             ... on level 1 of the Lair of Beasts.
             The game lasted 00:31:39 (13448 turns).

Peloso the Carver (Demonspawn Fighter)             Turns: 13448, Time: 00:31:39

Health: -3/95      AC: 29    Str: 21    XL:     12   Next: 3%
Magic:  13/13      EV: 11    Int: 11    God:    Okawaru [****..]
Gold:   720        SH: 10    Dex: 12    Spells: 11/11 levels left

rFire   . . .        a - +0 long sword
rCold   . . .        d - +0 kite shield
rNeg    . . .        c - +0 plate armour
rPois   +            B - +2 helmet
rElec   .            I - +0 cloak
rCorr   .            u - +2 pair of gloves
SInv    .            q - +0 pair of boots
Will    .....        (no amulet) Stlth
                     w - ring of poison resistance
HPRegen 0.35/turn    v - +5 ring of evasion
MPRegen 0.13/turn

%: no passive effects
@: sanguine armoured
A: claws 2, (demonic guardian 3), powered by death 1, sanguine armour 1
a: Renounce Religion, Heroism, Finesse


You were on level 1 of the Lair of Beasts.
You worshipped Okawaru.
Okawaru was greatly pleased with you.
You visited 3 branches of the dungeon, and saw 12 of its levels.
You also visited: Sewer and Bailey.

You collected 720 gold pieces.

Inventory:

Hand Weapons
 a - a +0 long sword (weapon)
Armour
 b - a +0 scale mail
 c - a +0 plate armour (worn)
 d - a +0 kite shield (worn)
 q - a +0 pair of boots (worn)
 u - a +2 pair of gloves (worn)
 B - a +2 helmet (worn)
 I - a +0 cloak (worn)
Jewellery
 v - a +5 ring of evasion (right hand)
 w - a ring of poison resistance (left hand)
 G - a ring of resist corrosion
 L - an amulet of magic regeneration
 O - a ring of ice
 P - a ring of fire
Wands
 k - a wand of polymorph (9)
 t - a wand of iceblast (1)
 E - a wand of flame (19)
 F - a wand of charming (15)
 N - a wand of quicksilver (4)
Scrolls
 f - 3 scrolls of noise
 g - 2 scrolls of vulnerability
 i - 2 scrolls of identify
 j - 2 scrolls of teleportation
 l - 2 scrolls of enchant armour {unknown}
 m - 2 scrolls of poison
 r - a scroll of immolation
 y - a scroll of brand weapon
 A - 4 scrolls of fog
 D - 2 scrolls of blinking
 J - 3 scrolls of fear
 K - a scroll of magic mapping {unknown}
 M - a scroll of amnesia
Potions
 e - a potion of heal wounds
 h - 2 potions of might
 n - a potion of brilliance
 o - 8 potions of mutation
 p - 3 potions of curing {unknown}
 s - 3 potions of flight {unknown}
 x - 2 potions of resistance {unknown}
 z - a potion of magic {unknown}
 C - 3 potions of lignification {unknown}
 H - 2 potions of invisibility


   Skills:
 + Level 9.1 Fighting
 + Level 11.5 Long Blades
 + Level 9.4 Armour
 + Level 2.3 Dodging
 + Level 2.0 Stealth
 + Level 7.4 Shields
 + Level 1.8 Invocations
 + Level 0.8 Evocations


You had 11 spell levels left.
You didn't know any spells.
Your spell library contained the following spells:

 Spells                   Type           Power      Damage    Failure   Level
 Sting                    Tmut/Pois      0%         1d3       100%        1
 Ensorcelled Hibernation  Hex/Ice        0%         N/A       100%        2
 Lesser Beckoning         Tloc           0%         N/A       100%        2
 Passwall                 Tmut/Erth      0%         N/A       100%        2
 Poisonous Vapours        Pois/Air       0%         N/A       100%        2
 Gell's Gravitas          Tloc           0%         N/A       100%        3
 Inner Flame              Hex/Fire       0%         N/A       100%        3
 Swiftness                Air            0%         N/A       100%        3
 Teleport Other           Tloc           0%         N/A       100%        3
 Flame Wave               Conj/Fire      0%         2d4       100%        4
 Olgreb's Toxic Radiance  Pois           0%         N/A       100%        4
 Sticky Flame             Conj/Fire      0%         2d3       100%        4


Dungeon Overview and Level Annotations

Branches:
Dungeon (10/15)            Temple (1/1) D:6            Lair (1/5) D:9
  Sewer (visited)          Bailey (visited)
    Orc: D:9-12

Altars:
Ashenzari
Cheibriados
Gozag
Kikubaaqudgha
Makhleb
Okawaru
Qazlal
Sif Muna
Trog

Shops:
D:5 (   D:7 :   D:9 *

Portals:
Abyss: D:5

Annotations:
D:3 3 runed translucent doors, Onni's ghost, amateur TrFi
D:5 2 transporters, bonety's ghost, novice MiFi
Lair:1 3 runed translucent doors, Kazma's ghost, journeyman GnGl; Zeus21348's ghost, journeyman HOMo; kalagan's ghost, journeyman DECj


Innate Abilities, Weirdness & Mutations

You have very sharp fingernails.
((A powerful demonic guardian rushes to your aid.))
You regenerate a little health from kills.
When seriously injured, your blood forms armour. (AC +6)


Message History

Okawaru accepts your kill.
You feel sick. You block the cane toad's attack.
Your Stealth skill increases to level 2!
Your Invocations skill increases to level 1!
Found 15 gold pieces.
You feel sick.
The cane toad stings you but does no damage.
Things that are here:
16 gold pieces; a cane toad corpse You feel sick.
The cane toad stings you but does no damage. x2
You closely miss the cane toad.
You feel sick. The cane toad barely misses you.
You hit the cane toad but do no damage.
You feel sick. You block the cane toad's attack.
You hit the cane toad.
The cane toad is lightly wounded.
You feel sick.
You are no longer poisoned.
The cane toad stings you!
You hit the cane toad but do no damage.
The cane toad is lightly wounded.
The cane toad stings you!
* * * LOW HITPOINT WARNING * * *
You barely miss the cane toad.
The cane toad is lightly wounded.
The cane toad barely misses you.
You hit the cane toad but do no damage.
The cane toad is lightly wounded.
The cane toad stings you but does no damage.
You hit the cane toad.
The cane toad is moderately wounded.
The cane toad stings you!
* * * LOW HITPOINT WARNING * * *
You barely miss the cane toad.
The cane toad is moderately wounded.
The cane toad stings you!
* * * LOW HITPOINT WARNING * * *
You hit the cane toad.
The cane toad is moderately wounded.
The cane toad stings you.
You die...

............................#
...........................[#
............................##
.....####..###...###.####....#
.....#........#...##..####..##
............. #..##.....##..#
..............#..##.....#..†#
.....#.........F$##......#..#
..............+.@##.........#
.....#.##.P.+#...##.....#...#
.................##.....#...#
..................##P#.###..#
)..........^.....# ##### #..#
.................. ...#
...........$...... ..#
...#.##.#######... ...### ##


You could see a cane toad.

Vanquished Creatures
  Erolcha (D:10)
  2 vault guards (Bailey)
  A centaur warrior (D:8)
  A two-headed ogre (D:9)
  A tengu warrior (D:9)
  6 elephants
  A black mamba (Lair:1)
  3 cane toads (Lair:1)
  A komodo dragon (Lair:1)
  2 trolls
  Grinder (D:4)
  Prince Ribbit (Bailey)
  3 blink frogs (Lair:1)
  Sigmund (D:2)
  2 wyverns
  4 yaks
  4 humans (Bailey)
  A wraith (D:9)
  Eustachio (D:4)
  2 steam dragons
  4 water moccasins
  3 orc warriors
  2 black bears
  A sky beast (D:6)
  An ogre (D:6)
  2 ice beasts
  6 wolves
  A centaur (D:9)
  2 phantoms
  A kobold brigand (D:8)
  15 bullfrogs
  2 scorpions
  4 gnoll sergeants
  A wight (D:9)
  A killer bee (D:9)
  3 electric eels (D:9)
  2 howler monkeys
  6 hounds
  4 jellies
  An orc priest (D:10)
  A gnoll bouda (D:8)
  Crazy Yiuf (D:2)
  An iguana (D:5)
  4 orc wizards
  A sleepcap (D:5)
  10 adders
  16 gnolls
  14 river rats
  2 shadow imps (D:6)
  An ufetubus (D:5)
  19 orcs
  7 bats
  6 endoplasms
  3 giant cockroaches
  11 goblins
  8 hobgoblins
  3 jackals (Sewer)
  13 kobolds
  10 quokkas
  13 ball pythons
  4 frilled lizards
  24 rats
273 creatures vanquished.

Vanquished Creatures (collateral kills)
  A steam dragon (D:8)
  3 bullfrogs
  2 howler monkeys (D:7)
  An orc priest (D:8)
  A hound (D:6)
  Ijyb (D:3)
  2 gnolls
  A river rat (D:6)
  2 orcs (D:8)
  A quokka (D:6)
  4 rats (D:6)
19 creatures vanquished.

Grand Total: 292 creatures vanquished

Notes
Turn   | Place    | Note
-------+----------+-------------------------------------------
     0 | D:1      | Peloso the Demonspawn Fighter began the quest for the Orb.
     0 | D:1      | Reached XP level 1. HP: 18/18 MP: 1/1
   182 | D:1      | Gained mutation: A weak demonic guardian rushes to your
                  | aid. [demonic ancestry]
   182 | D:1      | Reached XP level 2. HP: 19/24 MP: 2/2
   230 | D:1      | Reached skill level 2 in Long Blades
   592 | D:1      | Reached XP level 3. HP: 15/29 MP: 3/3
  1699 | D:2      | Noticed Sigmund
  2103 | D:3      | Noticed Ijyb
  2140 | D:3      | Killed Ijyb
  2141 | D:3      | Reached XP level 4. HP: 26/37 MP: 4/4
  2429 | D:3      | Found a runed translucent gate.
  2429 | D:3      | Found a runed translucent gate.
  2430 | D:3      | Found a runed translucent gate.
  2431 | D:3      | Identified the +3 ring mail of Okouck {Int+3}
  2432 | D:3      | Noticed Onni's ghost (amateur TrFi)
  2475 | D:3      | Found a faded altar of an unknown god.
  2957 | D:4      | Noticed a scorpion
  2971 | D:4      | Killed a scorpion
  2972 | D:4      | Reached skill level 3 in Long Blades
  2972 | D:4      | Gained mutation: You regenerate a little health from kills.
                  | [demonic ancestry]
  2972 | D:4      | Reached XP level 5. HP: 40/42 MP: 5/5
  3033 | D:4      | Identified the +6 battleaxe "Qooluuk" {protect, *Slow
                  | Will++}
  3055 | D:4      | Noticed Grinder
  3069 | D:4      | Paralysed by Grinder for 2 turns
  3081 | D:4      | Paralysed by Grinder for 4 turns
  3090 | D:4      | Killed Grinder
  3091 | D:4      | Reached skill level 4 in Long Blades
  3091 | D:4      | Gained mutation: When seriously injured, your blood forms
                  | armour. (AC +6) [demonic ancestry]
  3091 | D:4      | Reached XP level 6. HP: 24/48 MP: 6/6
  3449 | D:4      | Noticed Eustachio
  3475 | D:4      | Gained mutation: A demonic guardian rushes to your aid.
                  | [demonic ancestry]
  3475 | D:4      | Reached XP level 7. HP: 28/55 MP: 7/7
  3499 | D:4      | Killed Eustachio
  3732 | D:5      | Entered Level 5 of the Dungeon
  3741 | D:5      | Reached skill level 5 in Long Blades
  3855 | D:5      | Found a transporter.
  3860 | D:5      | Found a transporter.
  3932 | D:5      | Noticed a small abomination
  3935 | D:5      | Found a one-way gate to the infinite horrors of the Abyss.
  3936 | D:5      | Noticed bonety's ghost (novice MiFi)
  3978 | D:5      | Reached skill level 1 in Dodging
  3978 | D:5      | Found Move's Antique Weapon Shop.
  4028 | D:5      | Reached skill level 5 in Fighting
  4028 | D:5      | Reached skill level 1 in Stealth
  4587 | D:6      | Reached XP level 8. HP: 62/62 MP: 8/8
  4619 | D:6      | Found a staircase to the Ecumenical Temple.
  4720 | D:6      | Reached skill level 6 in Long Blades
  4855 | D:6      | Found a glowing drain.
  4886 | Sewer    | Entered a sewer
  5462 | D:6      | Reached skill level 5 in Shields
  5507 | D:6      | Reached skill level 7 in Long Blades
  5558 | D:6      | Reached skill level 5 in Armour
  6156 | D:2      | Found a runed translucent door.
  6157 | D:2      | Noticed Crazy Yiuf
  6250 | D:2      | Killed Sigmund
  6251 | D:2      | Gained mutation: You have sharp fingernails. [demonic
                  | ancestry]
  6251 | D:2      | Reached XP level 9. HP: 53/69 MP: 9/9
  6336 | D:2      | Killed Crazy Yiuf
  6778 | D:7      | Found Voaheume's Book Shoppe.
  6795 | D:7      | Reached skill level 8 in Long Blades
  8290 | D:9      | Noticed a centaur warrior
  8486 | D:8      | Killed a centaur warrior
  8487 | D:8      | Reached skill level 9 in Long Blades
  8487 | D:8      | Reached XP level 10. HP: 48/77 MP: 10/10
  8779 | D:9      | Noticed a two-headed ogre
  8803 | D:9      | Killed a two-headed ogre
  8882 | Temple   | Entered the Ecumenical Temple
  8954 | Temple   | Became a worshipper of Warmaster Okawaru
  9214 | D:10     | Entered Level 10 of the Dungeon
  9275 | D:10     | Found a stormy altar of Qazlal.
  9275 | D:10     | Found a bloodstained altar of Trog.
  9296 | D:10     | Found a flagged portal.
  9322 | Bailey   | Entered a bailey
  9560 | Bailey   | Noticed Prince Ribbit
  9603 | Bailey   | Noticed a vault guard
  9664 | Bailey   | Killed a vault guard
  9664 | Bailey   | Reached * piety under Okawaru
  9900 | Bailey   | Killed Prince Ribbit
  9901 | Bailey   | Reached skill level 10 in Long Blades
  9927 | Bailey   | Noticed a vault guard
  9950 | Bailey   | Killed a vault guard
 10108 | Bailey   | Reached ** piety under Okawaru
 10114 | Bailey   | Gained mutation: A powerful demonic guardian rushes to your
                  | aid. [demonic ancestry]
 10114 | Bailey   | Reached XP level 11. HP: 85/86 MP: 11/11
 10465 | D:10     | Noticed Erolcha
 10487 | D:10     | Killed Erolcha
 10542 | D:9      | Found Zynkanix's Overcharged Wands.
 10903 | D:9      | Noticed a tengu warrior
 10938 | D:9      | Killed a tengu warrior
 10938 | D:9      | Reached *** piety under Okawaru
 10949 | D:9      | Found a staircase to the Lair.
 11387 | Lair:1   | Entered Level 1 of the Lair of Beasts
 11854 | Lair:1   | Found a runed translucent gate.
 11855 | Lair:1   | Found a runed translucent gate.
 11856 | Lair:1   | Found a runed translucent gate.
 11864 | Lair:1   | Noticed kalagan's ghost (journeyman DECj)
 11864 | Lair:1   | Noticed Zeus21348's ghost (journeyman HOMo)
 11864 | Lair:1   | Noticed Kazma's ghost (journeyman GnGl)
 12033 | D:9      | Reached **** piety under Okawaru
 12034 | D:9      | Reached skill level 11 in Long Blades
 12987 | Lair:1   | Reached ***** piety under Okawaru
 13369 | Lair:1   | Gained mutation: You have very sharp fingernails. [demonic
                  | ancestry]
 13369 | Lair:1   | Reached XP level 12. HP: 86/95 MP: 12/12
 13438 | Lair:1   | Reached skill level 1 in Invocations
 13447 | Lair:1   | HP: 2/95 [cane toad (13)]
 13448 | Lair:1   | Slain by a cane toad

Illustrated notes

Levels and vault maps discovered:
D:1:      dpeg_arrival_oval, layout_basic
D:2:      layout_basic, serial_aquarium, aquarium_bridge_straight
          [aquarium_subvault_bridge, aquarium_subvault_wall,
          aquarium_subvault_bridge, aquarium_subvault_wall],
          aquarium_bridge_straight [aquarium_subvault_bridge,
          aquarium_subvault_wall, aquarium_subvault_bridge,
          aquarium_subvault_wall], aquarium_window_3, aquarium_window_fake,
          aquarium_view_2d, aquarium_view_2b, uniq_crazy_yiuf_cottage,
          uniq_sigmund
D:3:      layout_basic, hellmonk_ecumenical_altar_arch_garden,
          biasface_ghost_orc_armoury, uniq_ijyb
D:4:      layout_basic, uniq_grinder, uniq_eustachio
D:5:      layout_basic, serial_shops, shop, gammafunk_ghost_abyssal_escape
D:6:      lemuel_ratsnest, layout_cave_pools, minmay_temple_entry_ruins,
          portal_sewer_entry_c, nicolae_ossuary_entry_monument, grunt_decor_cap
D:7:      layout_rooms, serial_shops, nicolae_shop_pleasant_corner_grove
D:8:      layout_gridville
D:9:      nzn_winding_woodlands_large [nzn_winding_woodlands_5x5_checkerboard,
          nzn_winding_woodlands_5x15_pockets,
          nzn_winding_woodlands_5x5_closed_star,
          nzn_winding_woodlands_center_garden,
          nzn_winding_woodlands_15x15_thick_spiral,
          nzn_winding_woodlands_center_triple_pond,
          nzn_winding_woodlands_5x5_three, nzn_winding_woodlands_5x15_garden,
          nzn_winding_woodlands_5x5_cross], layout_basic, erik_lair_island,
          nicolae_shop_overcharged_wands
D:10:     layout_cave_pools, nicolae_overflow_hidden_temple, orc_0_dummy,
          enter_bailey_2, nicolae_twisting_strands, uniq_erolcha
Temple:   nicolae_temple_slightly_damp_pantheon
Lair:1:   layout_regular_city, gammafunk_ghost_cemetery,
          dreamdust_mushroom_princess, lemuel_fruit_tree,
          infiniplex_staircase_pool

Skill      XL: |  1  2  3  4  5  6  7  8  9 10 11 12 |
---------------+-------------------------------------+-----
Long Blades    | 2 3 4 5 7 9 10 11 | 11.5
Shields        | 3 4 5 6 7 |  7.4
Armour         | 3 4 5 6 7 9 |  9.4
Fighting       | 4 5 6 8 9 |  9.1
Dodging        | 1 2 |  2.3
Stealth        | 1 2 |  2.0
Invocations    | 1 |  1.8
Evocations     | |  0.8

Action                     |  1- 3 |  4- 6 |  7- 9 | 10-12 || total
---------------------------+-------+-------+-------+-------++-------
  Melee: Long sword        |   181 |    99 |   722 |  1051 ||  2053
 Invoke: Heroism           |       |       |       |     6 ||     6
  Evoke: Wand              |       |     2 |     5 |     7 ||    14
    Use: Scroll            |       |     3 |     9 |     2 ||    14
         Potion            |       |     2 |       |     6 ||     8
   Stab: Invisible         |       |     2 |       |       ||     2
         Distracted        |       |       |     2 |       ||     2
 Armour: Scale mail        |    65 |       |       |       ||    65
         Plate armour      |    99 |   105 |   600 |   725 ||  1529
  Dodge: Dodged            |    59 |    63 |   539 |   608 ||  1269
  Block: Buckler           |    45 |    46 |   276 |   276 ||   643
         Kite shield       |       |       |       |    77 ||    77
